 Dungeon Crawl Stone Soup version 0.17-a0-1650-gce8475a (webtiles) character file.

97087 urechis the Impaler (level 16, 0/138 HPs)
             Began as a Merfolk Ice Elementalist on Aug 13, 2015.
             Was the Champion of Yredelemnul.
             Killed by divine providence
             ... invoked by a smoke demon
             ... summoned by an orc high priest
              (15 damage)
             ... on level 4 of the Orcish Mines.
             The game lasted 02:42:07 (32131 turns).

urechis the Impaler (Merfolk Ice Elementalist)     Turns: 32131, Time: 02:42:08

Health: 0/138      AC: 12    Str: 12    XL:     16   Next: 18%
Magic:  23/30      EV: 27    Int: 15    God:    Yredelemnul [******]
Gold:   3067       SH:  0    Dex: 21    Spells: 10 memorised, 9 levels left

rFire  + + .     SeeInvis .     b - +3 bardiche (freeze)
rCold  . . .     Clarity  .     K - +3 robe "Voikkiqi" {rPois rF+ Dex+4}
rNeg   . . .     SustAt   .     (no shield)
rPois  +         Gourm    +     Q - +2 hat
rElec  .         Spirit   .     u - +0 cloak
rCorr  .         Warding  .     (no gloves)
rMut   .         Stasis   .     d - +2 pair of boots
MR     +....                    w - amulet of the gourmand
Stlth  +++.......               E - ring of wizardry
                                X - +5 ring of slaying

@: somewhat resistant to hostile enchantments, fairly stealthy
A: change form in water, swift swim, icy blue scales 1, fire resistance 1
a: Animate Dead, Recall Undead Slaves, Injury Mirror, Drain Life, Enslave Soul,
Renounce Religion


You were on level 4 of the Orcish Mines.
You worshipped Yredelemnul.
Yredelemnul was exalted by your worship.
You were not hungry.

You visited 4 branches of the dungeon, and saw 28 of its levels.

You collected 3177 gold pieces.
You spent 110 gold pieces at shops.

Inventory:

Hand weapons
 b - a +3 bardiche of freezing (weapon)
Armour
 d - a +2 pair of boots (worn)
 u - a +0 cloak (worn)
 K - the +3 robe "Voikkiqi" (worn) {rPois rF+ Dex+4}
   (You found it on level 7 of the Dungeon)

   It affects your dexterity (+4).
   It protects you from fire.
   It protects you from poison.
 Q - a +2 hat (worn)
Jewellery
 g - an uncursed amulet of warding
 w - an amulet of the gourmand (around neck)
 E - a ring of wizardry (right hand)
 X - a +5 ring of slaying (left hand)
Magical devices
 a - a wand of enslavement (12)
 z - a wand of teleportation (4)
 F - a wand of invisibility (4)
 M - a wand of disintegration (20)
Scrolls
 l - 3 scrolls of enchant armour
 m - 4 scrolls of recharging
 o - 10 scrolls of teleportation
 t - 4 scrolls of fear
 y - 4 scrolls of magic mapping
 C - 4 scrolls of blinking
 D - 6 scrolls of fog
 I - 6 scrolls of remove curse
 N - 4 scrolls of immolation
 R - 2 scrolls of brand weapon
Potions
 j - 3 potions of flight
 k - 6 potions of brilliance
 n - 3 potions of might
 p - a potion of resistance {unknown}
 r - 2 potions of heal wounds
 s - 4 potions of cancellation
 x - 3 potions of magic
 B - 2 potions of berserk rage {unknown}
 J - a potion of haste
 S - 3 potions of agility
 V - 2 potions of invisibility {unknown}
 W - 2 potions of cure mutation {unknown}
 Z - 3 potions of curing
Miscellaneous
 Y - a legendary deck of summoning {the Elements}
Comestibles
 c - 18 bread rations
 f - 7 meat rations
 i - 8 beef jerkies
 A - 11 fruits
 G - 16 royal jellies


   Skills:
 - Level 16.0 Fighting
 - Level 16.0 Polearms
 - Level 15.0 Dodging
 - Level 2.1 Stealth
 - Level 10.0 Spellcasting
 - Level 0.7 Conjurations
 - Level 5.0 Charms
 - Level 12.0 Ice Magic
 + Level 9.0 Invocations


You had 9 spell levels left.
You knew the following spells:

 Your Spells              Type           Power        Failure   Level  Hunger
a - Freeze                Ice            ####         1%          1    None
b - Ozocubu's Armour      Chrm/Ice       ####....     1%          3    None
c - Condensation Shield   Ice            #####.....   1%          4    ###....
d - Shroud of Golubria    Chrm/Tloc      ###.......   2%          2    None
e - Summon Ice Beast      Ice/Summ       ####....     4%          4    ###....
f - Regeneration          Chrm/Necr      ###.......   4%          3    None
g - Apportation           Tloc           #.........   4%          1    None
h - Ensorcelled Hibernat  Hex/Ice        ####..       1%          2    None
i - Blink                 Tloc           N/A          6%          2    None
j - Throw Icicle          Conj/Ice       ####....     4%          4    ###....


Dungeon Overview and Level Annotations

Branches:
Dungeon (15/15)            Temple (1/1) D:4            Lair (8/8) D:9
 Shoals (0/4) Lair:6        Snake (0/4) Lair:5        Slime (0/6) Lair:6
    Orc (4/4) D:10         Vaults (0/5) D:13         Depths (0/5) D:15
    Elf: Orc:3-4

Altars:
Ashenzari
Cheibriados
Dithmenos
Elyvilon
Fedhas
Gozag
Kikubaaqudgha
Makhleb
Nemelex Xobeh
Okawaru
Qazlal
Ru
Sif Muna
Trog
Vehumet
Xom
Yredelemnul
Zin
The Shining One
Beogh

Shops:
D:4 [   D:6 }}   D:12 [   Orc:1 }   Orc:4 !

Annotations:
D:5 Prince Ribbit


Innate Abilities, Weirdness & Mutations

You revert to your normal form in water.
You are very nimble and swift while swimming.
You are partially covered in icy blue scales (AC +1).
Your flesh is heat resistant.


Message History

The smoke demon completely misses you.
Your orc zombie hits the orc with a dagger.
The orc dies!
Yredelemnul accepts your kill.
The orc high priest hits your orc zombie with a battleaxe.
An orc warrior comes into view. It is wielding a mace.
Attack whom?
Press: ? - help, Dir - move target cursor, f/p - orc high priest
Aim: an orc high priest, wielding a battleaxe and wearing a scale mail (almost dead, covered in terrible wounds)
You could not reach far enough!
Your orc zombie hits the smoke demon but does no damage.
Your orc zombie barely misses the orc high priest.
The blue devil closely misses you. The blue devil hits you!
* * * LOW HITPOINT WARNING * * *
Your flayed ghost cries, "Feel what I felt!"
Your flayed ghost barely misses the blue devil.
The smoke demon gestures at you. Something smites you!
You die...
Your body rises from the dead as a mindless zombie.

..#..[##.# #.. ##
######'########
###.........###
......8)8......
.....).).......
..##.......##..
###..Z...Z..###
##....V8Z8Z....##
.....o)o4@3).....
....).)W4.Zo)....
......#W..#......
.....##8)8##.o...
..####.))..####.o
# #.......# #
#.........#
#..8._.8..#
#.........#


You could see an orc high priest, a smoke demon, 2 blue devils, 2 orc warriors,
2 orcs, 2 friendly flayed ghosts, a friendly vampire, 4 friendly orc zombies and
a friendly orc zombie.

Vanquished Creatures
  Rupert (Lair:3)
  Kirke (D:12)
  Maud (Orc:2)
  An orc warlord (Orc:4)
  7 vault guards (D:13)
  5 hydras
  Harold (D:12)
  A centaur warrior (D:15)
  An ice dragon (D:15)
  4 death yaks
  Sonja (D:11)
  Nergalle (Lair:3)
  2 unseen horrors
  7 hill giants
  3 ugly things (D:13)
  3 orc knights
  4 elephants
  2 griffons
  An oklob plant (Lair:1)
  A manticore (D:11)
  3 centaur zombies
  A torpor snail (Lair:5)
  4 spiny frogs
  5 black mambas
  A gargoyle (D:15)
  2 kobold demonologists
  3 fire drakes
  A redback zombie (D:14)
  3 trolls
  3 komodo dragons
  A queen bee (Lair:7)
  2 polar bears
  19 blink frogs
  4 slime creatures (D:13)
  A boulder beetle (Lair:8)
  3 two-headed ogres
  A shadow (D:14)
  A vampire (D:14)
  A wyvern (D:8)
  A deep elf mage (D:9)
  A hog (D:11)
  6 hippogriffs
  45 yaks
  3 basilisks
  2 steam dragons
  8 wolves
  3 hungry ghosts
  5 mottled dragons
  A soldier ant (D:15)
  5 wargs
  A naga (Lair:5)
  9 water moccasins
  Duvessa (D:5)
  11 porcupines
  3 black bears
  10 ogres
  6 ice beasts
  4 sky beasts
  An eye of draining (D:11)
  22 orc warriors
  17 crocodiles
  2 necrophages
  7 centaurs
  3 big kobolds
  A gnoll sergeant (D:9)
  Dowan (D:5)
  14 giant frogs
  2 wyvern skeletons
  2 wyvern zombies
  7 scorpions
  32 killer bees
  A wight (D:12)
  An electric eel (Lair:2)
  2 crimson imps
  4 giant frog zombies
  A quasit (D:7)
  A gnoll shaman (D:10)
  3 jellies
  3 centaur skeletons
  25 orc priests
  8 worker ants
  3 hounds
  26 orc wizards
  A giant frog skeleton (D:10)
  11 iguanas
  7 sheep
  2 hound skeletons
  Robin (D:3)
  18 gnolls
  15 adders
  52 river rats
  2 shadow imps
  An ooze (D:1)
  2 worms (D:5)
  6 adder skeletons
  An adder zombie (D:7)
  4 giant geckos
  166 orcs
  9 goblins
  10 hobgoblins
  14 jackals
  23 kobolds
  3 quokkas
  9 bats
  2 giant cockroaches
  A giant gecko skeleton (D:7)
  A giant gecko zombie (D:8)
  5 giant newts
  A jackal skeleton (D:4)
  2 quokka skeletons
  A quokka zombie (D:5)
  6 rats
797 creatures vanquished.

Vanquished Creatures (collateral kills)
  Gastronok (D:11)
  Erolcha (Orc:2)
  A vault guard (D:13)
  An ice dragon (D:15)
  7 hydras
  3 catoblepae (Lair:8)
  A centaur warrior (D:14)
  11 death yaks
  An ice statue (Lair:6)
  A hill giant (D:10)
  2 orc knights (Orc:4)
  3 griffons
  A lindwurm (Lair:7)
  2 manticores
  An orc sorcerer (Orc:4)
  A mana viper (shapeshifter) (D:13)
  3 cyclopes
  9 elephants
  2 oklob plants (Lair:6)
  2 centaur zombies (D:15)
  Maurice (D:11)
  A gargoyle (D:14)
  3 centaur skeletons
  5 spiny frogs
  2 komodo dragons
  2 fire drakes
  A yaktaur (D:15)
  3 trolls
  2 freezing wraiths
  A two-headed ogre (Orc:4)
  A polar bear (Lair:8)
  A trapdoor spider zombie (D:11)
  6 blink frogs
  2 wyverns
  A deep elf fighter (D:12)
  3 hippogriffs
  21 yaks
  3 basilisks
  2 steam dragons
  A wolf (Lair:1)
  A soldier ant (D:11)
  3 hogs (D:11)
  A mottled dragon (D:12)
  A naga (Lair:5)
  3 water moccasins
  6 ice beasts
  A phantom (D:14)
  8 ogres
  4 porcupines
  25 orc warriors
  A sky beast (D:11)
  A centaur (D:12)
  6 crocodiles
  5 giant frogs
  8 killer bees
  2 scorpions
  A wyvern skeleton (D:13)
  2 wights (D:12)
  A giant frog zombie (D:10)
  17 orc priests
  An iguana (D:11)
  11 orc wizards
  A worker ant zombie (D:11)
  A gnoll (Orc:3)
  An adder (D:12)
  15 river rats
  A white imp (Lair:6)
  A giant gecko (D:11)
  138 orcs
  4 kobolds (D:11)
  31 fungi
  14 plants
432 creatures vanquished.

Vanquished Creatures (others)
  A profane servitor (Orc:4)
  A death cob (D:14)
  A skeletal warrior (Orc:4)
  A flayed ghost (D:14)
  2 phantasmal warriors
  3 death yak zombies (Lair:8)
  A catoblepas zombie (Lair:8)
  A hydra zombie (D:14)
  2 human zombies (D:13)
  2 griffon zombies
  8 flying skulls
  A black mamba zombie (Lair:6)
  2 vampires
  2 hill giant zombies
  2 wraiths (D:13)
  3 spiny frog zombies
  A manticore zombie (D:14)
  A spiny frog skeleton (Lair:6)
  An orc warrior (D:12)
  9 blink frog zombies
  An ogre (Orc:4)
  A wyvern zombie (Lair:7)
  2 cyclops zombies
  A giant frog (D:12)
  A troll zombie (D:13)
  2 water moccasin zombies (Lair:6)
  4 yak zombies (Lair:8)
  A yak skeleton (Lair:5)
  2 hippogriff zombies
  A wight (Lair:8)
  A centaur zombie (D:12)
  A basilisk zombie (Lair:4)
  5 giant frog zombies
  A two-headed ogre zombie (D:13)
  An ogre zombie (Orc:2)
  A black bear skeleton (Lair:5)
  2 porcupine skeletons
  2 crocodile zombies
  14 killer bee zombies
  A mottled dragon zombie (D:15)
  A sky beast zombie (D:13)
  A necrophage skeleton (D:11)
  2 mummies
  A steam dragon zombie (Lair:8)
  An electric eel zombie (Lair:2)
  2 iguana zombies
  A sheep zombie (Lair:7)
  An iguana skeleton (Lair:1)
  An orc (Orc:1)
  2 gnoll zombies (D:10)
  10 river rat zombies
  An orc skeleton (D:11)
  35 orc zombies
  2 river rat skeletons (Lair:3)
  22 fungi
  30 plants
203 creatures vanquished.

Grand Total: 1432 creatures vanquished

Notes
Turn   | Place    | Note
--------------------------------------------------------------
     0 | D:1      | urechis the Merfolk Ice Elementalist began the quest for the Orb.
     0 | D:1      | Reached XP level 1. HP: 13/13 MP: 3/3
   191 | D:1      | Reached XP level 2. HP: 1/19 MP: 3/5
   508 | D:1      | Reached skill level 4 in Ice Magic
   866 | D:1      | Reached XP level 3. HP: 24/24 MP: 2/6
   958 | D:2      | Learned a level 3 spell: Ozocubu's Armour
  1145 | D:2      | Reached XP level 4. HP: 21/30 MP: 1/8
  1770 | D:3      | Reached skill level 5 in Ice Magic
  1953 | D:3      | Found a shimmering altar of Xom.
  1995 | D:3      | Noticed Robin
  2256 | D:3      | Killed Robin
  2398 | D:3      | Reached XP level 5. HP: 35/35 MP: 9/9
  2480 | D:3      | Learned a level 4 spell: Condensation Shield
  2525 | D:3      | Reached skill level 6 in Ice Magic
  2906 | D:4      | Found a staircase to the Ecumenical Temple.
  2914 | Temple   | Entered the Ecumenical Temple
  3081 | D:4      | Reached XP level 6. HP: 28/41 MP: 8/11
  3647 | D:4      | Found Fuusch's Armour Shop.
  3661 | D:4      | Bought a +1 leather armour of poison resistance for 110 gold pieces
  3830 | D:4      | Reached skill level 7 in Ice Magic
  4048 | D:4      | Found a blossoming altar of Fedhas.
  4150 | D:4      | Reached XP level 7. HP: 39/46 MP: 8/12
  4201 | D:4      | HP: 2/46 [killer bee (5)]
  4742 | D:4      | Reached skill level 8 in Ice Magic
  5015 | D:5      | Entered Level 5 of the Dungeon
  5053 | D:5      | Noticed Dowan
  5054 | D:5      | Noticed Duvessa
  5074 | D:5      | Killed Duvessa
  5074 | D:5      | Reached XP level 8. HP: 36/52 MP: 5/15
  5094 | D:5      | Killed Dowan
  5236 | D:5      | Reached skill level 5 in Spellcasting
  5236 | D:5      | Reached skill level 9 in Ice Magic
  5438 | D:5      | Noticed a steam dragon
  5440 | D:5      | Noticed a steam dragon
  6312 | D:5      | Noticed Prince Ribbit
  6567 | D:5      | Reached skill level 10 in Ice Magic
  6710 | D:5      | Reached skill level 1 in Polearms
  6887 | D:6      | Found Doub's Quality Used Wands.
  6983 | D:6      | Reached skill level 1 in Fighting
  7069 | D:6      | Killed a steam dragon
  7069 | D:6      | Reached skill level 5 in Polearms
  7069 | D:6      | Reached XP level 9. HP: 26/62 MP: 6/16
  7603 | D:6      | Found Upsin's Gadget Shoppe.
  9118 | D:7      | Got a distressingly furry robe
  9180 | D:7      | Reached skill level 5 in Fighting
  9252 | D:7      | Found a basalt altar of Yredelemnul.
  9373 | D:7      | Reached skill level 10 in Polearms
  9517 | D:7      | Became a worshipper of Yredelemnul the Dark
  9644 | D:7      | Found a shadowy altar of Dithmenos.
  9644 | D:7      | Found a white marble altar of Elyvilon.
  9675 | D:7      | Found a burning altar of Makhleb.
  9838 | D:7      | Identified the +3 robe "Voikkiqi" {rPois rF+ Dex+4} (You found it on level 7 of the Dungeon)
  9926 | D:8      | Reached XP level 10. HP: 76/76 MP: 9/17
  9996 | D:8      | Reached skill level 11 in Polearms
 10070 | D:8      | Killed a steam dragon
 10079 | D:8      | Found a sacrificial altar of Ru.
 10761 | D:9      | Reached skill level 12 in Polearms
 11100 | D:9      | Found a staircase to the Lair.
 11112 | D:9      | Reached skill level 13 in Polearms
 11219 | D:9      | Found a deep blue altar of Sif Muna.
 11263 | D:9      | Identified Sif Muna's Collected Works on the Frostbite
 11498 | D:10     | Entered Level 10 of the Dungeon
 11511 | D:10     | Reached skill level 14 in Polearms
 11519 | D:10     | Learned a level 3 spell: Regeneration
 11524 | D:10     | Learned a level 4 spell: Throw Icicle
 11529 | D:10     | Learned a level 4 spell: Summon Ice Beast
 11620 | D:10     | Reached XP level 11. HP: 72/86 MP: 5/18
 11652 | D:10     | Acquired Yredelemnul's first power
 11788 | D:10     | Noticed a hill giant
 11854 | Lair:1   | Entered Level 1 of the Lair of Beasts
 11987 | Lair:1   | Reached skill level 15 in Polearms
 12825 | Lair:1   | Learned a level 1 spell: Apportation
 13036 | Lair:2   | Noticed a five-headed hydra
 13036 | Lair:2   | Noticed an eight-headed hydra
 13041 | Lair:2   | Noticed a four-headed hydra
 13325 | Lair:2   | Reached skill level 16 in Polearms
 13531 | Lair:2   | Killed a five-headed hydra
 13531 | Lair:2   | Reached skill level 5 in Dodging
 14046 | Lair:1   | Acquired Yredelemnul's second power
 14046 | Lair:1   | Reached skill level 10 in Fighting
 14412 | Lair:2   | Reached XP level 12. HP: 43/97 MP: 19/19
 15215 | Lair:1   | Killed a five-headed hydra
 15650 | Lair:3   | Noticed Nergalle
 15831 | Lair:3   | Noticed a five-headed hydra
 15852 | Lair:3   | Killed a five-headed hydra
 15933 | Lair:3   | Noticed Rupert
 16220 | Lair:3   | Reached skill level 10 in Dodging
 16764 | Lair:4   | Acquired Yredelemnul's third power
 17735 | Lair:5   | Received a gift from Yredelemnul
 17815 | Lair:5   | Found a staircase to the Snake Pit.
 18023 | Lair:5   | Received a gift from Yredelemnul
 18369 | Lair:5   | Reached XP level 13. HP: 102/107 MP: 18/20
 18432 | Lair:5   | Acquired Yredelemnul's fourth power
 18714 | Lair:6   | Received a gift from Yredelemnul
 19296 | Lair:6   | Found a staircase to the Shoals.
 19319 | Lair:6   | Found a staircase to the Slime Pits.
 19673 | Lair:6   | Reached skill level 15 in Dodging
 19894 | Lair:7   | Reached skill level 1 in Charms
 20023 | Lair:7   | Received a gift from Yredelemnul
 20145 | Lair:7   | Acquired Yredelemnul's fifth power
 20603 | Lair:7   | Reached XP level 14. HP: 110/116 MP: 22/24
 20603 | Lair:7   | Received a gift from Yredelemnul
 20790 | Lair:8   | Entered Level 8 of the Lair of Beasts
 20845 | Lair:8   | Reached skill level 5 in Charms
 21156 | Lair:8   | Received a gift from Yredelemnul
 21743 | Lair:8   | Received a gift from Yredelemnul
 22263 | Lair:3   | Killed Rupert
 22846 | Lair:3   | Killed Nergalle
 23099 | Lair:3   | Learned a level 2 spell: Ensorcelled Hibernation
 23313 | D:10     | Killed a hill giant
 23432 | D:10     | Found a staircase to the Orcish Mines.
 23579 | D:10     | Noticed a hill giant
 23584 | D:10     | Killed a hill giant
 24397 | D:11     | Noticed Sonja
 24410 | D:11     | Killed Sonja
 24410 | D:11     | Received a gift from Yredelemnul
 24622 | D:11     | Noticed Gastronok
 24635 | D:11     | Killed Gastronok
 25039 | D:11     | Reached XP level 15. HP: 122/122 MP: 28/28
 25051 | D:11     | Learned a level 2 spell: Blink
 25054 | D:11     | Learned a level 2 spell: Shroud of Golubria
 25130 | D:11     | Found a shimmering altar of Xom.
 25196 | D:11     | Received a gift from Yredelemnul
 25202 | D:11     | Identified a scroll of acquirement
 25216 | D:12     | Found Agueje Ixzu's Antique Armour Emporium.
 25216 | D:12     | Noticed Harold
 25299 | D:12     | Noticed Maurice
 25390 | D:12     | Noticed Kirke
 25460 | D:11     | Killed Maurice
 25486 | D:11     | Reached skill level 10 in Spellcasting
 25680 | D:12     | Killed Kirke
 25689 | D:12     | Killed Harold
 25891 | D:12     | Received a gift from Yredelemnul
 26289 | D:13     | Found a gate to the Vaults.
 26427 | D:13     | Received a gift from Yredelemnul
 26432 | D:13     | Reached skill level 15 in Fighting
 26916 | D:13     | Received a gift from Yredelemnul
 27042 | D:13     | Received a gift from Yredelemnul
 28428 | D:14     | Reached skill level 1 in Invocations
 28463 | D:14     | Received a gift from Yredelemnul
 28575 | D:15     | Entered Level 15 of the Dungeon
 28786 | D:15     | Found a staircase to the Depths.
 28933 | D:15     | Reached skill level 5 in Invocations
 29030 | D:15     | Received a gift from Yredelemnul
 29146 | D:15     | Gained mutation: You are partially covered in icy blue scales (AC +1). [potion of beneficial mutation]
 29147 | D:15     | Gained mutation: Your flesh is heat resistant. [potion of beneficial mutation]
 29400 | Orc:1    | Entered Level 1 of the Orcish Mines
 29491 | Orc:1    | Received a gift from Yredelemnul
 29612 | Orc:2    | Noticed Erolcha
 29621 | Orc:2    | Killed Erolcha
 29643 | Orc:2    | Noticed Maud
 29655 | Orc:2    | Killed Maud
 29782 | Orc:2    | Your ally Erolcha died
 29823 | Orc:2    | Received a gift from Yredelemnul
 30262 | Orc:1    | Found Oguolo's Gadget Shoppe.
 30272 | Orc:1    | Received a gift from Yredelemnul
 30325 | Orc:1    | Received a gift from Yredelemnul
 30428 | Orc:1    | Reached XP level 16. HP: 133/136 MP: 30/30
 31489 | Orc:4    | Entered Level 4 of the Orcish Mines
 31591 | Orc:4    | Received a gift from Yredelemnul
 31660 | Orc:4    | Received a gift from Yredelemnul
 31719 | Orc:4    | Found a roughly hewn altar of Beogh.
 31831 | Orc:4    | Received a gift from Yredelemnul
 31834 | Orc:4    | Found Loitinti's Distillery.
 31844 | Orc:4    | Found Tuleul's Assorted Antiques.
 31939 | Orc:4    | Received a gift from Yredelemnul
 31984 | Orc:4    | Received a gift from Yredelemnul
 32079 | Orc:4    | Found a roughly hewn altar of Beogh.
 32082 | Orc:4    | Received a gift from Yredelemnul
 32131 | Orc:4    | Killed from afar by a smoke demon

Vault maps used:
D:1:      minmay_arrival_cross
D:3:      nicolae_overflow_hidden_temple, minmay_misc_feat_doors,
          hangedman_decor_growths, solitary_fountain, uniq_robin
D:4:      minmay_temple_entry_crystal_x, serial_shops, nicolae_shop_crystal,
          first_bread, fedhas_altar_2
D:5:      kennysheep_steamy, grunt_decor_cap, uniq_duvessa, uniq_prince_ribbit1
D:6:      serial_shops, shop, nicolae_for_you_no_charge
D:7:      nicolae_whirlpool, lemuel_doored_altar,
          gammafunk_temple_overflow_wave, makhleb_heckhound_becter,
          grunt_ogre_cave
D:8:      nicolae_ru_sacrificial_ziggurat
D:9:      led_sif_book, minmay_lair_entry_lava
D:10:     david_orc_3
D:11:     basic_altar, uniq_sonja, uniq_gastronok
D:12:     serial_shops, shop, hex_medium, small_statue_alley_a, uniq_kirke,
          uniq_maurice, uniq_harold
D:13:     erik_vaults_2, stair_cage_open, minmay_misc_feat_tiny
D:14:     minmay_strange_pillars, st_stairs_3, minmay_misc_feat_columns,
          hex_intersection, minmay_door_square, kennysheep_generic_room_12
D:15:     grunt_enter_depths_hoard, eino_curves_04, spider_trap, minivault_24
Temple:   circular_temple_12
Lair:1:   minmay_lair_oklob_bushes, lemuel_fruit_tree
Lair:2:   serial_bayou_lagoon_a, grunt_megastairs_5
Lair:3:   serial_bayou_pond_e, uniq_rupert, uniq_nergalle
Lair:4:   serial_bayou_ford_a, infiniplex_staircase_pool, serial_bayou_shore_b,
          serial_bayou_shore_b
Lair:5:   minmay_snake_entry_guardpost_small, grunt_megastairs_3
Lair:6:   minmay_shoals_entry_beasts, minmay_slime_entry_oklob_open,
          serial_bayou_pond_a, ice2_lemuel
Lair:8:   evilmike_catoblepas_cave, infiniplex_staircase_pool_2
Orc:1:    nicolae_orc_accident_1, serial_shops, shop
Orc:2:    uniq_maud, uniq_erolcha
Orc:3:    nicolae_orc_pool_cavern, nicolae_orc_bridge_out
Orc:4:    pubby_orc_utopia

Action                   |  1- 3 |  4- 6 |  7- 9 | 10-12 | 13-15 | 16-18 || total
-------------------------+-------+-------+-------+-------+-------+-------++-------
Melee: Dagger            |    31 |   117 |   109 |       |       |       ||   257
       Halberd           |       |       |   142 |   945 |  1527 |       ||  2614
       Bardiche          |       |       |       |       |   163 |   168 ||   331
 Cast: Freeze            |    37 |    72 |   205 |   122 |    53 |       ||   489
       Ozocubu's Armour  |       |     1 |    17 |    42 |    49 |     2 ||   111
       Condensation Shie |       |       |    11 |    30 |    36 |     1 ||    78
       Apportation       |       |       |       |     1 |       |       ||     1
       Throw Icicle      |       |       |       |       |     4 |       ||     4
       Summon Ice Beast  |       |       |       |       |     8 |       ||     8
       Ensorcelled Hiber |       |       |       |       |     1 |       ||     1
       Shroud of Golubri |       |       |       |       |     7 |       ||     7
       Regeneration      |       |       |       |       |     1 |     1 ||     2
Invok: Animate Remains   |       |       |       |    16 |       |       ||    16
       Animate Dead      |       |       |       |    14 |    90 |     7 ||   111
       Recall Undead Sla |       |       |       |       |     3 |     1 ||     4
       Enslave Soul      |       |       |       |       |       |     1 ||     1
Evoke: Wand              |       |       |       |     1 |       |       ||     1
  Use: Potion            |       |       |     8 |     3 |     2 |     1 ||    14
       Scroll            |       |       |       |    14 |    20 |       ||    34
 Stab: Sleeping          |     1 |     2 |     4 |    20 |    20 |    13 ||    60
       Distracted        |       |     2 |     3 |    11 |    29 |     1 ||    46
       Confused          |       |       |       |       |     1 |       ||     1
  Eat: Chunk             |       |    10 |    31 |    51 |    58 |     5 ||   155
       Fruit             |       |       |     2 |     1 |       |       ||     3
       Pizza             |       |       |       |       |     2 |       ||     2
